 Dungeon Crawl Stone Soup version 0.22.1-1-ga44c0e56f4 (webtiles) character file.

164 Freyura the Sneak (level 5, -2/39 HPs)
             Began as a Vampire Assassin on Oct 28, 2018.
             Slain by a goblin
             ... wielding a +0 club
             ... led by Robin
              (4 damage)
             ... on level 2 of the Dungeon on Oct 29, 2018.
             The game lasted 00:08:05 (1980 turns).

Freyura the Sneak (Vampire Assassin)                Turns: 1980, Time: 00:08:05

Health: -2/39      AC:  4    Str: 10    XL:     5   Next: 21%
Magic:  5/5        EV: 19    Int: 14    God:
Gold:   141        SH:  0    Dex: 21    Spells: 4/4 levels left

rFire    . . .     SeeInvis +   a - +2 dagger
rCold    + . .     Gourm    .   (no shield)
rNeg     + + .     Faith    .   c - +0 robe
rPois    +         Spirit   .   (no helmet)
rElec    .         Reflect  .   d - +1 cloak
rCorr    .         Harm     +   (no gloves)
MR       .....                  (no boots)
Stlth    ++++++....             k - amulet of harm
HPRegen  0.06/turn              (no ring)
MPRegen  0.09/turn              (no ring)

@: agile, regenerating slowly
A: fangs 3, see invisible, unbreathing
a: Bat Form


You were on level 2 of the Dungeon.
You were near bloodless.

You visited 1 branch of the dungeon, and saw 2 of its levels.

You collected 141 gold pieces.

Inventory:

Hand Weapons
 a - a +2 dagger (weapon)
 b - a +0 blowgun
Missiles
 e - 8 poisoned needles
 f - 2 curare-tipped needles
Armour
 c - a +0 robe (worn)
 d - a +1 cloak (worn)
Jewellery
 k - an amulet of harm (around neck)
Scrolls
 h - a scroll of identify
 i - 2 scrolls of enchant armour
 l - a scroll of amnesia
Potions
 g - a potion of blood


   Skills:
 + Level 2.6 Fighting
 * Level 4.1 Short Blades
 - Level 1.5 Throwing
 + Level 2.7 Dodging
 + Level 6.8 Stealth


You had 4 spell levels left.
You didn't know any spells.
Your spell library was empty.

Dungeon Overview and Level Annotations

Branches:
Dungeon (2/15)

Altars:
Xom


Innate Abilities, Weirdness & Mutations

You heal slowly.
You have razor-sharp teeth.
You have supernaturally acute eyesight. (SInv)
You can survive without breathing.


Message History

* * * LOW HITPOINT WARNING * * *
You barely miss the goblin.
The goblin is heavily wounded.
The bat hits you but does no damage. The bat barely misses you.
The hobgoblin barely misses you. The goblin closely misses you.
The bat completely misses you. The goblin hits you but does no damage.
The hobgoblin hits you with a club.
* * * LOW HITPOINT WARNING * * *
You hit the goblin.
You kill the goblin!
The bat hits you.
* * * LOW HITPOINT WARNING * * *
The bat misses you. The hobgoblin closely misses you. The hobgoblin misses you.
The goblin completely misses you.
You hit the hobgoblin but do no damage. The bat barely misses you.
The hobgoblin closely misses you. The bat completely misses you.
The hobgoblin hits you with a club.
* * * LOW HITPOINT WARNING * * *
The hobgoblin closely misses you. The goblin hits you with a club.
You die...

.###......#)..[#..<..###
..%.).....###.###......#
...#...##.###..#.........
...#.####.#............##
......###.#.#....#.....#
.%.#..........##.##......
...#...##...#...b...)....
...............b))w......
....#....###...g@........
......#....#...ggg.>....
....#...##..............
).....# ##..............
).###.# #.#......>.....
......# #?.##...........
..........# ............
...>...... ..###.......#
........# ##. .....##


You could see a worm, 3 hobgoblins, a goblin and 2 bats.

Vanquished Creatures
  Jessica (D:2)
  Robin (D:2)
  4 gnolls (D:2)
  2 adders (D:2)
  An ooze (D:1)
  3 worms (D:2)
  3 dart slugs
  A leopard gecko (D:1)
  A ball python (D:2)
  3 bats (D:1)
  A giant cockroach (D:1)
  12 goblins
  6 hobgoblins (D:1)
  3 kobolds
  2 quokkas (D:2)
  3 frilled lizards
  7 rats
54 creatures vanquished.

Notes
Turn   | Place    | Note
-------+----------+-------------------------------------------
     0 | D:1      | Freyura the Vampire Assassin began the quest for the Orb.
     0 | D:1      | Reached XP level 1. HP: 16/16 MP: 1/1
   211 | D:1      | Reached skill level 6 in Stealth
   241 | D:1      | Reached XP level 2. HP: 22/22 MP: 2/2
   509 | D:1      | Reached XP level 3. HP: 16/27 MP: 3/3
   752 | D:2      | Found a shimmering altar of Xom.
  1008 | D:2      | Reached XP level 4. HP: 20/34 MP: 4/4
  1650 | D:2      | Noticed Robin
  1960 | D:2      | Noticed Jessica
  1965 | D:2      | Killed Robin
  1972 | D:2      | Killed Jessica
  1972 | D:2      | Reached XP level 5. HP: 16/39 MP: 5/5
  1980 | D:2      | Slain by a goblin

Skill      XL: |  1  2  3  4 |
---------------+-------------+-----
Stealth        | 6 |  6.8
Fighting       | 2 |  2.6
Short Blades   | 3 4 |  4.1
Dodging        | 2 |  2.7
Throwing       | |  1.5

Action                   |  1- 3 |  4- 6 || total
-------------------------+-------+-------++-------
Melee: Dagger            |    88 |    68 ||   156
       Bite              |     6 |    10 ||    16
  Use: Scroll            |     7 |       ||     7
       Potion            |     2 |     1 ||     3
 Stab: Sleeping          |    11 |     3 ||    14
       Distracted        |       |     1 ||     1
Armor: Robe              |    16 |    27 ||    43
Dodge: Dodged            |    53 |   104 ||   157
